 Dungeon Crawl Stone Soup version 0.30.0-15-g856e2d3f33 (webtiles) character file.

Game seed: 17920578622573171189

644 meatpath the Trooper (level 7, -2/46 HPs)
             Began as a Gargoyle Fighter on May 18, 2023.
             Shot with an arrow by a centaur (9 damage)
             ... on level 5 of the Dungeon on May 19, 2023.
             The game lasted 00:09:37 (3748 turns).

meatpath the Trooper (Gargoyle Fighter)             Turns: 3748, Time: 00:09:37

Health: -2/46      AC: 12    Str: 22    XL:     7   Next: 52%
Magic:  7/7        EV:  9    Int:  8    God:
Gold:   195        SH:  5    Dex:  9    Spells: 6/6 levels left

rFire   . . .        q - +0 morningstar
rCold   . . .        c - +0 buckler
rNeg    + . .        b - +0 scale mail
rPois   ∞            k - +0 helmet
rElec   +            (no cloak)
rCorr   .            (no gloves)
SInv    .            (no boots)
Will    .....        (no amulet) Stlth
                     (no ring)
HPRegen 0.27/turn    (no ring)
MPRegen 0.10/turn

%: no passive effects
@: studying Staves
A: sickness immunity, AC +4, negative energy resistance 1, electricity
resistance, torment resistance 1, petrification resistance
a: no special abilities


You were on level 5 of the Dungeon.
You visited 1 branch of the dungeon, and saw 5 of its levels.

You collected 195 gold pieces.

Inventory:

Hand Weapons
 q - a +0 morningstar (weapon)
Armour
 b - a +0 scale mail (worn)
 c - a +0 buckler (worn)
 k - a +0 helmet (worn)
 r - a +0 chain mail
Jewellery
 p - an amulet of magic regeneration
Wands
 s - a wand of iceblast (9)
Scrolls
 a - a scroll of fear
 e - a scroll of vulnerability
 f - a scroll of magic mapping
 h - 2 scrolls of noise
 j - a scroll of teleportation
 l - a scroll of enchant weapon
 v - a scroll of blinking {unknown}
Potions
 d - 2 potions of might
 g - 4 potions of curing {unknown}
 i - a potion of magic {unknown}
 m - a potion of lignification {unknown}
 n - a potion of ambrosia {unknown}
 o - a potion of attraction {unknown}
 t - a potion of degeneration {unknown}
 u - a potion of mutation {unknown}


   Skills:
 + Level 6.0 Fighting
 + Level 4.9 Maces & Flails
 - Level 3.2 Armour
 + Level 6.0 Shields


You had 6 spell levels left.
You didn't know any spells.
Your spell library contained the following spells:

 Spells                   Type           Power      Damage    Failure   Level
 Magic Dart               Conj           0%         1d3       80%         1
 Call Imp                 Summ           0%         N/A       90%         2
 Mephitic Cloud           Conj/Pois/Air  0%         N/A       99%         3
 Summon Lightning Spire   Summ/Air       0%         N/A       100%        4
 Storm Form               Tmut/Air       0%         N/A       100%        7
 Maxwell's Capacitive Co  Air            0%         ∞         100%        8


Dungeon Overview and Level Annotations

Branches:
Dungeon (5/15)
 Temple: D:4-7

Altars:
Cheibriados
Uskayaw

Shops:
D:4 (

Annotations:
D:4 3 exclusions


Innate Abilities, Weirdness & Mutations

You are immune to sickness and miasma.
Your stone body is resilient. (AC +4)
You are immune to poison.
You resist negative energy. (rN+)
You are resistant to electric shocks. (rElec)
You are resistant to unholy torment.
You are immune to petrification.


Message History

The centaur closely misses you. The centaur kicks you.
The scorpion stings you but does no damage.
The centaur hits you.
The centaur kicks you but does no damage.
You sock the centaur!
The centaur is almost dead.
You block the scorpion's attack. The centaur barely misses you. x2
The ogre hits you with a +0 giant spiked club!
The scorpion stings you but does no damage.
The centaur hits you but does no damage.
The centaur kicks you but does no damage.
You closely miss the centaur.
The centaur is almost dead.
You block the centaur's attack. The centaur closely misses you.
The scorpion stings you but does no damage.
The ogre closely misses you. The centaur closely misses you.
The centaur kicks you but does no damage.
You barely miss the centaur.
The centaur is almost dead.
The scorpion stings you.
The centaur hits you but does no damage.
The centaur kicks you. You block the scorpion's attack.
The ogre closely misses you.
The centaur hits you but does no damage.
The centaur closely misses you.
You hit the centaur.
The centaur is almost dead.
The centaur hits you but does no damage.
The centaur closely misses you. The scorpion barely misses you.
You block the centaur's attack. x2
The ogre hits you with a +0 giant spiked club.
* * * LOW HITPOINT WARNING * * *
The scorpion stings you but does no damage.
The centaur attacks as you move away! The centaur hits you.
* * * LOW HITPOINT WARNING * * *
You block the centaur's attack.
The centaur wields a +0 shortbow.
The centaur shoots an arrow.
The arrow hits you but does no damage. The scorpion barely misses you.
The centaur shoots an arrow.
The arrow hits you!
You die...

#
..###†....###...#...
##.
#...#.#............
..#
#..#†#............. .
#.#
#†#.#.........#... .#
#[###O...#......##...
#.#
#.#.#..###Oc...#...#
..###..#.##
#........# #.#O#.#.#
##s......# #.###..#
#...@...##
#.#.#..###..##....#
..# #..###..###....##
#..
...##..###......## .#
..#...##.......... .
.##.......##.....
##...<†..# .....
#.......# ..###
...............#


You could see an ogre, a centaur and a scorpion.

Vanquished Creatures
  A black bear (D:5)
  A scorpion (D:5)
  A howler monkey (D:5)
  3 hounds (D:5)
  2 orc priests (D:4)
  2 jellies
  An iguana (D:5)
  A sleepcap (D:3)
  Natasha (twice) (D:2)
  An orc wizard (D:4)
  4 adders
  4 worms
  4 dart slugs
  2 orcs
  4 endoplasms
  5 giant cockroaches
  5 goblins
  5 hobgoblins
  5 quokkas
  13 ball pythons
  5 bats
  3 frilled lizards
  5 kobolds
  4 rats
83 creatures vanquished.

Notes
Turn   | Place    | Note
-------+----------+-------------------------------------------
     0 | D:1      | meatpath the Gargoyle Fighter began the quest for the Orb.
     0 | D:1      | Reached XP level 1. HP: 14/14 MP: 1/1
   149 | D:1      | Reached XP level 2. HP: 19/19 MP: 2/2
   653 | D:1      | Reached XP level 3. HP: 24/24 MP: 3/3
  1158 | D:2      | Reached XP level 4. HP: 29/29 MP: 4/4
  1314 | D:2      | Found a faded altar of an unknown god.
  1476 | D:2      | Noticed Natasha
  1487 | D:2      | Killed Natasha
  1632 | D:2      | Noticed Natasha
  1639 | D:2      | Killed Natasha
  1640 | D:2      | Reached XP level 5. HP: 26/34 MP: 5/5
  1969 | D:3      | Found a large runed translucent door.
  1969 | D:3      | Found a large runed translucent door.
  2886 | D:3      | Found a snail-covered altar of Cheibriados.
  2889 | D:3      | Found a hide-covered altar of Uskayaw.
  2983 | D:4      | Found Gathrueh's Antique Weapon Emporium.
  3192 | D:4      | Noticed a steam dragon
  3270 | D:4      | Reached XP level 6. HP: 37/40 MP: 6/6
  3305 | D:4      | Reached skill level 5 in Fighting
  3305 | D:4      | Reached skill level 5 in Shields
  3619 | D:5      | Entered Level 5 of the Dungeon
  3655 | D:5      | Reached XP level 7. HP: 32/44 MP: 7/7
  3748 | D:5      | Shot with an arrow by a centaur

Illustrated notes

Levels and vault maps discovered:
D:1:      dpeg_arrival_pits, layout_basic
D:2:      layout_basic, shapermc_ecumenical_altar_notcrosses,
          minmay_misc_feat_square, minmay_misc_feat_diagonals,
          minmay_tetromino_i2, uniq_natasha
D:3:      layout_basic, jmf_multi_god_temple2, roderic_lattice_a
D:4:      minmay_clustersquares, layout_cave_pools, serial_shops, shop,
          kennysheep_nub
D:5:      layout_layer_cave, gup_sewer_entry_bowl, serial_bayou_lagoon_a,
          minmay_manual_mail

Skill      XL: |  1  2  3  4  5  6  7 |
---------------+----------------------+-----
Shields        | 4 5 6 |  6.0
Fighting       | 4 5 6 |  6.0
Maces & Flails | 3 4 |  4.9
Armour         | |  3.2

Action                     |  1- 3 |  4- 6 |  7- 9 || total
---------------------------+-------+-------+-------++-------
  Melee: War axe           |   138 |    33 |       ||   171
         Morningstar       |       |   110 |    22 ||   132
         Flail             |       |    53 |       ||    53
    Use: Scroll            |     3 |     3 |       ||     6
 Armour: Scale mail        |    81 |   137 |    28 ||   246
  Dodge: Dodged            |    69 |   107 |    24 ||   200
  Block: Buckler           |    32 |    47 |    14 ||    93
